 Dungeon Crawl Stone Soup version 0.24.1-14-gf8d2b509d9 (webtiles) character file.

Game seed: 12910438399540212445, levelgen mode: deterministic

66 Descartes the Sneak (level 3, 0/16 HPs)
             Began as a Felid Warper on May 20, 2020.
             Succumbed to an adder's poison
             ... on level 2 of the Dungeon.
             The game lasted 00:03:40 (2193 turns).

Descartes the Sneak (Felid Warper)                  Turns: 2193, Time: 00:03:41

Health: 0/16       AC:  1    Str:  7    XL:     3   Next: 96%
Magic:  7/7        EV: 18    Int: 14    God:
Gold:   63         SH:  0    Dex: 16    Spells: 2/6 levels left
                                        Lives:  0   Deaths: 0

rFire    . . .     SeeInvis +     - Unarmed
rCold    . . .     Gourm    .   (shield unavailable)
rNeg     . . .     Faith    .   (armour unavailable)
rPois    .         Spirit   .   (helmet unavailable)
rElec    .         Reflect  .   (cloak unavailable)
rCorr    .         Harm     .   (gloves unavailable)
MR       .....                  (boots unavailable)
Stlth    +++.......             (no amulet)
HPRegen  0.05/turn              (no ring)
MPRegen  0.10/turn              (no ring)

@: lethally poisoned (0 -> -9), quick
A: very small, no armour, no weapons or thrown items, stealth, claws 1, fangs 3,
see invisible, carnivore, speed 1, shaggy fur 1, slow metabolism 1, sharp paws
a: no special abilities


You were on level 2 of the Dungeon.
You were completely stuffed.

You visited 1 branch of the dungeon, and saw 2 of its levels.

You collected 63 gold pieces.

Inventory:

Missiles
 e - 58 stones
Scrolls
 b - a scroll of blinking
 d - a scroll of fear {unknown}
 g - a scroll of remove curse {unknown}
 h - 2 scrolls of fog
 i - a scroll of identify {unknown}
Potions
 f - 2 potions of haste {unknown}
Comestibles
 a - 3 chunks of flesh
 c - a ration


   Skills:
 - Level 2.0 Fighting
 - Level 3.2 Dodging
 + Level 5.3 Stealth
 - Level 2.0 Unarmed Combat
 - Level 2.0 Spellcasting
 - Level 4.4 Translocations


You had 2 spell levels left.
You knew the following spells:

 Your Spells              Type           Power        Failure   Level  Hunger
a - Blink                 Tloc           N/A          6%          2    ###....
b - Shroud of Golubria    Chrm/Tloc      #.....       14%         2    ###....

Your spell library contained the following spells:

 Spells                   Type           Power        Failure   Level  Hunger
 Gell's Gravitas          Tloc           ##........   12%         3    ####...
 Lesser Beckoning         Tloc           ##........   12%         3    ####...
 Teleport Other           Tloc           ##......     12%         3    ####...
 Passage of Golubria      Tloc           N/A          36%         4    #####..


Dungeon Overview and Level Annotations

Branches:
Dungeon (2/15)

Altars:


Innate Abilities, Weirdness & Mutations

You cannot wear armour.
You are incapable of wielding weapons or throwing items.
Your paws allow you to move quietly. (Stealth)
You have sharp claws.
You have razor-sharp teeth.
You have supernaturally acute eyesight. (SInv)
You are carnivorous and can eat meat at any time.
You cover ground quickly.
You are covered in fur. (AC +1)
You have a slow metabolism.
Your sharp claws are effective at attacking unaware monsters.


Message History

The adder completely misses you.
You miss the adder.
The adder is moderately wounded.
The adder misses you.
You closely miss the adder.
The adder is moderately wounded.
The adder bites you.
You scratch the adder.
The adder is severely wounded.
The adder barely misses you. The adder bites you.
You are too injured to fight recklessly!
You scratch the adder.
The adder is almost dead.
The adder bites you.
* * * LOW HITPOINT WARNING * * *
You are lethally poisoned!
The adder poisons you!
You barely miss the adder.
The adder is almost dead.
You die...

.##... #.#.. ..... #....
..... ###...# .### .K..
...#.# #......... ....#
....##.#...
######..#####.##.......#
.....[........#..#....##
##S@...>....#[...§.<
.....g.##...#.##..#.#§..
####.#.##.###..#.##.§§§.
#. #.#...............#
.. #.<.##########..#..
o. #...## #...### .
#..## #.### #.. ###.#
#.. ###...#


You could see an adder, an orc (sleeping) and a hobgoblin.

Vanquished Creatures
  An adder (D:2)
  An ooze (D:1)
  4 dart slugs
  3 leopard geckos (D:1)
  A giant cockroach (D:1)
  4 goblins
  4 hobgoblins (D:1)
  5 kobolds
  A quokka (D:1)
  2 ball pythons (D:1)
  8 bats
  2 frilled lizards (D:1)
  6 rats
42 creatures vanquished.

Notes
Turn   | Place    | Note
-------+----------+-------------------------------------------
     0 | D:1      | Descartes the Felid Warper began the quest for the Orb.
     0 | D:1      | Reached XP level 1. HP: 9/9 MP: 4/4
    72 | D:1      | Reached skill level 1 in Stealth
   182 | D:1      | Reached skill level 2 in Stealth
   338 | D:1      | Reached XP level 2. HP: 13/13 MP: 6/6
   342 | D:1      | Learned a level 2 spell: Blink
   345 | D:1      | Learned a level 2 spell: Shroud of Golubria
   399 | D:1      | Reached skill level 3 in Stealth
   848 | D:1      | Reached skill level 4 in Stealth
   922 | D:1      | Reached XP level 3. HP: 16/16 MP: 7/7
  1954 | D:2      | Reached skill level 5 in Stealth
  2118 | D:2      | Noticed a phantom
  2193 | D:2      | Succumbed to an adder's poison

Levels and vault maps discovered:
D:1:      lemuel_arrival_tunnels, layout_loops_corners, st_stairs_11
D:2:      layout_rooms, nicolae_overflow_hidden_temple,
          chequers_ecumenical_altar_simple, guppyfry_early_orc_mine

Skill      XL: |  1  2  3 |
---------------+----------+-----
Stealth        | 2 4 5 |  5.3
Fighting       | |  2.0
Dodging        | |  3.2
Unarmed Combat | |  2.0
Spellcasting   | |  2.0
Translocations | |  4.4

Action                   || total
-------------------------++-------
Melee: Unarmed           ||   162
       Bite              ||     7
  Use: Scroll            ||     1
 Stab: Sleeping          ||    10
  Eat: Chunk             ||    10
Armor: Skin              ||    10
Dodge: Dodged            ||   134
